AoeStats
← 海霸天

Black Forest

509541123Analyzed
4v4 RM · 6d ago on Sep 27, 2026· 24m 26s· 8 players
Game mode
Random Map
Map size
Large (8 player)
Population
200
Speed
Normal
Resources
Standard
Victory
Conquest
Starting age
Dark Age
Ending age
Imperial Age
RankedLock teamsTeams togetherTeam positionsShared explorationLock speedFull tech treeHidden civsTurbo modeCheats
Victory
Defeat
🇺🇸 Bohemians · United States
741
+13
🇺🇸 Saxons · United States
716
+14
🇺🇸 Mongols · United States
681
+15
🇺🇸 Byzantines · United States
602
+19
🇭🇰 Khmer · Hong Kong SAR China
716
-17
🇨🇴 Khmer · Colombia
681
-16
🇦🇺 Mongols · Australia
658
-15
🇹🇼 Celts · Taiwan
622
-13
海霸天
12:40 Feudal Age
10:57 Loom
13:34 Double-Bit Axe
13:32 Horse Collar
14:33 Loom
15:24 Wheelbarrow
18:01 Gold Mining
18:02 Stone Mining
21:58 Castle Age
19:44 Town Watch
23:06 Bow Saw
22:59 Heavy Plow
yawentseng1102
13:05 Feudal Age
22:42 Castle Age
Mike1206
0:56 Loom
12:06 Feudal Age
19:51 Castle Age
18:45 Double-Bit Axe
18:47 Horse Collar
songshu512
14:15 Feudal Age
15:25 Horse Collar
15:42 Double-Bit Axe
19:57 Wheelbarrow
21:22 Gold Mining
24:23 Castle Age
C2E7W
6:50 Loom
13:48 Feudal Age
14:31 Town Watch
14:30 Horse Collar
14:37 Double-Bit Axe
17:31 Gold Mining
22:07 Wheelbarrow
25:07 Castle Age
23:08 Arson
elsack19
0:28 Loom
15:39 Feudal Age
16:28 Horse Collar
17:17 Double-Bit Axe
22:31 Castle Age
21:38 Stone Mining
GorgonTheGreat
12:11 Feudal Age
16:11 Castle Age
19:46 Chemistry
20:08 Double-Bit Axe
redrazer7
0:53 Loom
17:51 Feudal Age
20:01 Double-Bit Axe
20:13 Fletching
22:58 Gold Mining
23:02 Stone Mining
Connection lost

Rejoining the realm…

Still unreachable

The connection could not be restored.

Session expired

The server has moved on; the page needs a fresh start.